 Dungeon Crawl Stone Soup version 0.32-a0-814-g0968bab981 (webtiles) character file.

Game seed: 3988271445749108795

1104820 Turgor the Impregnable (level 27, -35/235 HPs)
             Began as a Coglin Hunter on Mar 20, 2024.
             Was the Champion of Cheibriados.
             Killed from afar by an ancient lich (50 damage)
             ... with a crystal spear
             ... on level 5 of the Realm of Zot on Mar 22, 2024.
             The game lasted 08:57:03 (85243 turns).

Turgor the Impregnable (Coglin Hunter)             Turns: 85243, Time: 08:57:04

Health: -35/235    AC: 52    Str: 29 (31) XL:     27
Magic:  12/12      EV: 16    Int: 26 (30) God:    Cheibriados [******]
Gold:   10181      SH:  0    Dex: 47      Spells: 12/48 levels left

rFire   + . .        p - +9 hand cannon (freeze) {Centenhua}
rCold   + + .        c - +9 hand cannon (antimagic) {Shi}
rNeg    + + +        Y - +12 gold dragon scales
rPois   ∞            C - +2 hat {SInv}
rElec   +            r - +2 cloak {Will+}
rCorr   .            J - +2 pair of gloves of the Watchman {rPois Dex+3}
SInv    +            f - +2 pair of boots {Fly}
Will    +++++        (amulet unavailable) Stlth
                     (ring unavailable)
HPRegen 0.59/turn    (ring unavailable)
MPRegen 0.93/turn    Q - neodymium neosprocket {RevMP, rElec Slay+3}

%: no passive effects
@: death-form, petrifying, marked, flying, studying 2 skills, revved, very slow
A: vile attack, torment immunity, no potions, off-hand wielding, slow wielding,
warmup strikes, no jewellery, horns 1, agile 2, clever 1, strong-willed 1,
electricity resistance, strong 1, persistent drain
}: 10/15 runes: barnacled, slimy, silver, abyssal, demonic, glowing, magical,
fiery, dark, gossamer
a: Siphon Essence, Begin Untransformation, Renounce Religion, Bend Time,
Temporal Distortion, Slouch, Step From Time


You were on level 5 of the Realm of Zot.
You worshipped Cheibriados.
Cheibriados was exalted by your worship.
You were an undying horror.
You visited 13 branches of the dungeon, and saw 57 of its levels.
You visited Pandemonium 3 times, and saw 21 of its levels.
You visited the Abyss 3 times.
You visited 2 bazaars.
You visited 1 ziggurat, and saw 11 of its levels.
You also visited: Ossuary and Wizlab.

You collected 15039 gold pieces.
You spent 4858 gold pieces at shops.

Inventory:

Hand Weapons
 c - a +9 antimagic hand cannon (offhand) {Shi}
 d - a +9 hand cannon of flaming {Bozena}
 p - a +9 hand cannon of freezing (weapon) {Centenhua}
Missiles
 h - 6 silver javelins
 T - 10 throwing nets
Armour
 f - a +2 pair of boots of flying (worn)
 r - a +2 cloak of willpower (worn)
 C - a +2 hat of see invisible (worn)
 J - the +2 pair of gloves of the Watchman (worn) {rPois Dex+3}
   (You found it on level 14 of the Dungeon)

   Dex+3:     It affects your dexterity (+3).
   rPois:     It protects you from poison.
 Y - +12 gold dragon scales (worn)
Gizmo
 Q - a neodymium neosprocket (installed) {RevMP, rElec Slay+3}
   (You invented it yourself on level 3 of the Lair of Beasts)

   [neodymium neosprocket]

   RevMP:     Your magic regeneration increases greatly based on how Revved you
   are.
   Slay+3:    It affects your accuracy & damage with ranged weapons and melee
   (+3).
   rElec:     It insulates you from electricity.
Talismans
 R - a talisman of death (active)
Wands
 l - a wand of polymorph (55)
 m - a wand of warping (110)
 o - a wand of charming (100)
 L - a wand of mindburst (63)
 O - a wand of digging (41)
 V - a wand of acid (18)
Scrolls
 a - 5 scrolls of brand weapon
 e - 10 scrolls of vulnerability
 g - 8 scrolls of silence
 i - a scroll of enchant weapon
 k - 3 scrolls of enchant armour
 t - 15 scrolls of amnesia
 y - 15 scrolls of immolation
 D - 15 scrolls of fog
 F - a scroll of torment
 K - 9 scrolls of poison
 P - 7 scrolls of fear
 U - 6 scrolls of revelation
Potions
 j - 16 potions of might
 n - 13 potions of curing
 s - 14 potions of lignification
 u - 7 potions of heal wounds
 v - 16 potions of brilliance
 x - 7 potions of enlightenment
 z - 9 potions of attraction
 A - 2 potions of invisibility
 B - 7 potions of magic
 G - 9 potions of mutation
 W - 4 potions of resistance
Miscellaneous
 b - the horn of Geryon (inert)
 q - a phantom mirror (inert)
 I - a phial of floods
 M - a box of beasts
 S - a lightning rod (4/4)
 X - a tin of tremorstones (1/2)


   Skills:
 + Level 23.1 Fighting
 * Level 23.6 Ranged Weapons
 - Level 26.0 Armour
 + Level 20.2 Dodging
 - Level 6.0 Stealth
 + Level 11.3 Spellcasting
 * Level 6.2 Hexes
 + Level 22.8 Translocations
 - Level 15.0 Ice Magic
 - Level 12.0 Invocations
 - Level 15.0 Evocations
 - Level 23.0 Shapeshifting


You had 12 spell levels left.
You knew the following spells:

 Your Spells              Type           Power      Damage    Failure   Level
a - Apportation           Tloc           100%       N/A       0%          1
b - Blink                 Tloc           100%       N/A       0%          2
c - Dispersal             Tloc           46%        N/A       1%          6
d - Disjunction           Tloc           46%        N/A       14%         8
e - Dimensional Bullseye  Hex/Tloc       37%        N/A       1%          4
o - Ozocubu's Armour      Ice            75%        N/A       1%          3
p - Polar Vortex          Ice            37%        12d5*     100%        9
r - Frozen Ramparts       Ice            100%       1d16      1%          3

Your spell library contained the following spells:

 Spells                   Type           Power      Damage    Failure   Level
 Lesser Beckoning         Tloc           100%       N/A       0%          2
 Gell's Gravitas          Tloc           93%        N/A       0%          3
 Freeze                   Ice            100%       1d10      1%          1
 Slow                     Hex            100%       N/A       1%          1
 Ensorcelled Hibernation  Hex/Ice        100%       N/A       1%          2
 Momentum Strike          Conj/Tloc      100%       3d10      1%          2
 Volatile Blastmotes      Fire/Tloc      100%       2d18      1%          3
 Manifold Assault         Tloc           93%        N/A       1%          4
 Iskenderun's Mystic Bla  Conj/Tloc      65%        2d13      2%          4
 Vhi's Electric Charge    Tloc/Air       100%       N/A       2%          4
 Jinxbite                 Hex            94%        N/A       3%          2
 Hailstorm                Conj/Ice       52%        3d10      3%          3
 Summon Ice Beast         Ice/Summ       52%        N/A       3%          3
 Confusing Touch          Hex            47%        N/A       6%          3
 Sigil of Binding         Hex            47%        N/A       6%          3
 Tukima's Dance           Hex            47%        N/A       6%          3
 Summon Forest            Summ/Tloc      32%        N/A       6%          5
 Metabolic Englaciation   Hex/Ice        31%        N/A       9%          5
 Cause Fear               Hex            23%        N/A       19%         4
 Inner Flame              Hex/Fire       30%        N/A       21%         3
 Foxfire                  Conj/Fire      56%        2x1d6     24%         1
 Kiss of Death            Conj/Necr      56%        2d9       24%         1
 Magic Dart               Conj           56%        1d5       24%         1
 Necrotise                Necr           56%        1d6       24%         1
 Sandblast                Erth           28%        2d8       24%         1
 Shock                    Conj/Air       56%        1d6       24%         1
 Sting                    Conj/Alch      56%        1d6       24%         1
 Summon Small Mammal      Summ           56%        N/A       24%         1
 Call Imp                 Summ           28%        N/A       36%         2
 Mercury Vapours          Alch/Air       28%        N/A       36%         2
 Scorch                   Fire           28%        2d6       36%         2
 Searing Ray              Conj           28%        2d5       36%         2
 Sublimation of Blood     Necr           14%        N/A       36%         2
 Ozocubu's Refrigeration  Ice            37%        4d15      41%         7
 Anguish                  Hex/Necr       15%        N/A       56%         4
 Call Canine Familiar     Summ           14%        N/A       58%         3
 Fugue of the Fallen      Necr           14%        N/A       58%         3
 Mephitic Cloud           Conj/Alch/Air  14%        N/A       58%         3
 Passwall                 Erth           14%        N/A       58%         3
 Stone Arrow              Conj/Erth      28%        3d8       58%         3
 Swiftness                Air            14%        N/A       58%         3
 Vampiric Draining        Necr           14%        2d7       58%         3
 Freezing Cloud           Conj/Ice/Air   20%        6-21      65%         5
 Permafrost Eruption      Ice/Erth       26%        2x4d8     86%         6
 Sculpt Simulacrum        Ice/Alch       26%        N/A       86%         6
 Silence                  Hex/Air        15%        N/A       88%         5
 Summon Mana Viper        Hex/Summ       30%        N/A       88%         5
 Yara's Violent Unravell  Hex/Alch       15%        3d8       88%         5
 Airstrike                Air            7%         2d(1-17)  94%         4
 Animate Armour           Summ/Erth      28%        N/A       94%         4
 Animate Dead             Necr           14%        N/A       94%         4
 Brom's Barrelling Bould  Conj/Erth      14%        2d4       94%         4
 Dispel Undead            Necr           14%        3d10      94%         4
 Flame Wave               Conj/Fire      14%        2d6       94%         4
 Fulminant Prism          Conj/Alch      7%         3d7       94%         4
 Ignite Poison            Fire/Alch      14%        N/A       94%         4
 Leda's Liquefaction      Alch/Erth      7%         N/A       94%         4
 Martyr's Knell           Necr/Summ      14%        N/A       94%         4
 Olgreb's Toxic Radiance  Alch           14%        N/A       94%         4
 Sticky Flame             Fire/Alch      14%        2d5       94%         4
 Summon Blazeheart Golem  Fire/Summ      14%        N/A       94%         4
 Summon Lightning Spire   Summ/Air       14%        N/A       94%         4
 Alistair's Intoxication  Alch           9%         N/A       100%        5
 Arcjolt                  Conj/Air       7%         1d17      100%        5
 Borgnjor's Vile Clutch   Necr/Erth      7%         N/A       100%        5
 Curse of Agony           Necr           14%        N/A       100%        5
 Fireball                 Conj/Fire      7%         3d5       100%        5
 Lee's Rapid Deconstruct  Erth           7%         3d6*      100%        5
 Bombard                  Conj/Erth      7%         9d2       100%        6
 Death Channel            Necr           7%         N/A       100%        6
 Eringya's Noxious Bog    Alch           7%         4d6       100%        6
 Plasma Beam              Fire/Air       7%         2x1d17    100%        6
 Starburst                Conj/Fire      7%         6d4       100%        6
 Summon Cactus Giant      Summ           7%         N/A       100%        6
 Enfeeble                 Hex            23%        N/A       100%        7
 Haunt                    Necr/Summ      7%         N/A       100%        7
 Summon Hydra             Summ           7%         N/A       100%        7
 Borgnjor's Revivificati  Necr           7%         N/A       100%        8
 Ignition                 Fire           7%         3d4       100%        8
 Lehudib's Crystal Spear  Conj/Erth      7%         10d3      100%        8
 Maxwell's Capacitive Co  Air            7%         ∞         100%        8
 Death's Door             Necr           7%         N/A       100%        9
 Dragon's Call            Summ           7%         N/A       100%        9


Dungeon Overview and Level Annotations

Branches:
Dungeon (15/15)            Temple (1/1) D:4            Lair (5/5) D:8
 Shoals (4/4) Lair:3       Spider (4/4) Lair:3        Slime (5/5) Lair:5
    Orc (2/2) D:10            Elf (3/3) Orc:2        Vaults (5/5) D:13
  Crypt (3/3) Vaults:3       Tomb (0/3) Crypt:3      Depths (4/4) D:15
   Hell (visited)             Dis (0/7) Hell            Geh (0/7) Hell
    Coc (0/7) Hell            Tar (0/7) Hell            Zot (5/5) Depths:4
Ossuary (visited)          WizLab (visited)

Altars:
Ashenzari
Cheibriados
Dithmenos
Elyvilon
Fedhas
Gozag
Hepliaklqana
Kikubaaqudgha
Makhleb
Nemelex Xobeh
Okawaru
Qazlal
Ru
Sif Muna
Trog
Uskayaw
Vehumet
Wu Jian
Xom
Yredelemnul
Zin
The Shining One
Jiyva
Lugonu

Shops:
D:5 *   D:15 *   Orc:1 (   Orc:2 ([!*

Portals:
Hell: Depths:1 Depths:2 Depths:3 Depths:4
Abyss: D:15 Depths:3
Pandemonium: Depths:1 Depths:2

Annotations:
Zot:3 3 runed translucent doors, 1 transporter, Nilihum's ghost, veteran DEAl
Zot:4 2 transporters


Innate Abilities, Weirdness & Mutations

You are an undying horror.
Your melee and unarmed attacks drain, slow and weaken victims.
You are immune to unholy pain and torment.
You cannot drink.
You are immune to poison.
You can wield a second weapon in your off-hand.
It takes a long time for you to wield or remove held weapons.
Your first few attacks do less damage.
You cannot equip rings or amulets.
You have a pair of small horns on your head.
You are very agile. (Dex +8, Str/Int -2)
Your mind is acute. (Int +4, Str/Dex -1)
You are strong-willed. (Will+)
You are resistant to electric shocks. (rElec)
Your muscles are strong. (Str +4, Int/Dex -1)
Your health recovers twice as slowly from being drained.


Message History

Aim: an orb of fire (lightly damaged, ally target, 72% to hit)
You shoot a slug. The slug hits the orb of fire!!
The orb of fire is moderately damaged.
You shoot a slug. The slug hits the orb of fire!
The slug freezes the orb of fire.
The orb of fire is heavily damaged.
The quicksilver dragon enters a dispersal trap!
Your hell beast blinks!
The orb of fire blinks!
Your hell beast blinks!
The Orb Guardian blinks!
Your hell beast blinks!
The orb of fire blinks!
The Orb Guardian blinks!
You blink.
The quicksilver dragon blinks!
Your hell beast bites the orb of fire but does no damage.
Your hell beast completely misses the orb of fire.
You hear a loud "Zot"!
The power of Zot is invoked against you!
You are slowing down.
An Orb Guardian comes into view.
The Orb Guardian hits you.
* * * LOW HITPOINT WARNING * * *
Unknown command.
Unknown command.
You cannot drink potions in your current state!
Okay, then.
Unknown command.
Unknown command.
Blink to where?
Press: ? - help, Dir - move target, p - orb of fire
As you read the scroll of blinking, it crumbles to dust.
Your surroundings suddenly seem different.
An ancient lich, an electric golem and a storm dragon come into view.
The storm dragon breathes lightning at you.
The bolt of lightning hits the electric golem.
The electric golem completely resists.
The bolt of lightning misses you.
The ancient lich points at you and mumbles some strange words.
The crystal spear hits you!!!!
You die...
Cheibriados appreciates the motionlessness of death.

##.########▓ **##############▓▓
..........# ##..............##
.........## ##.........^......#*
.........# ##.............^....*
........## #D^.................^
........# #............,,,,,,,,
........## #............,,,,,,,,
.........# #..9.........,,,,,,,,
.........## #^..z........,,,,,,,,
..........###..L.........,,,,,,,,
########...###..C........,,,,,,,*
##...)##.)......$.,,,,,,**
###...[...$......,,,,,**
#▓▓▓▓▓▓▓▓▓▓▓##C,,,,**
*▓▓▓..,,,,^,,,d^,,,**
*#▓.....,,,,,,,,,,,,,,**
##..^....,,,,,,,,,,,,,,,*


You could see an electric golem, an ancient lich, a storm dragon (catching
breath) and a protean progenitor.

Vanquished Creatures
  Cerebov (Pan)
  the Royal Jelly (Slime:5)
  Gloorx Vloq (Pan)
  17 pandemonium lords
  Lom Lobon (Pan)
  2 dread liches
  3 orbs of fire
  3 ancient liches
  Mara (Shoals:3)
  4 juggernauts
  Josephina (Zot:1)
  Boris (twice) (Vaults:4 Depths:2)
  Parghit (Zot:1)
  4 Killer Klowns
  Geryon (Hell)
  5 caustic shrikes (Depths:2)
  5 golden dragons
  Nikola (Spider:3)
  3 bone dragons
  2 doom hounds (Crypt:2)
  2 iron giants
  3 electric golems
  17 Tzitzimimeh (Pan)
  6 Brimstone Fiends
  Jorgrun (Spider:1)
  3 hellephants
  12 Ice Fiends
  26 tentacled monstrosities
  2 Hell Sentinels (Pan)
  6 liches
  Rupert (D:13)
  7 titans
  11 Orb Guardians (Zot:5)
  A walking earthen tome (Depths:3)
  A quicksilver dragon (shapeshifter) (Zig:11)
  A walking frostbound tome (Depths:2)
  11 quicksilver dragons
  Grunn (Crypt:2)
  A walking divine tome (Depths:3)
  21 acid blobs
  3 deep elf master archers
  10 sphinxes
  3 deep elf blademasters
  43 Executioners (Pan)
  Polyphemus (Shoals:2)
  3 searing wretches (Zig:5)
  4 death cobs
  Agnes (Vaults:3)
  4 ancient champions
  7 tentacled starspawn
  A kraken (Shoals:2)
  8 shadow dragons
  7 tengu reavers
  Gastronok (Lair:1)
  Aizul (Shoals:1)
  7 draconian knights
  9 protean progenitors
  Donald (Shoals:2)
  4 nagarajas (Pan)
  4 narguns (Zig:9)
  24 storm dragons
  Ilsuiw (Shoals:3)
  A revenant (Crypt:2)
  16 azure jellies
  8 draconian monks
  11 frost giants
  A daeva (Pan)
  25 demonspawn warmongers (Pan)
  9 emperor scorpions
  6 deep elf sorcerers
  14 fire giants
  13 ghost moths
  An iron dragon (Zot:4)
  5 draconian scorchers
  10 rockslimes
  5 draconian shifters
  A caustic shrike zombie (Crypt:3)
  23 vault wardens
  14 angels
  3 curse skulls
  4 deep elf elementalists (Elf:3)
  Louise (Shoals:2)
  60 balrugs
  5 ghouls
  44 reapers
  47 cacodemons (Pan)
  23 demonspawn corrupters (Pan)
  2 spriggan defenders
  7 draconian annihilators
  5 draconian stormcallers
  11 caustic shrike skeletons (Pan)
  10 quicksilver oozes
  4 orc warlords
  25 ironbound preservers
  25 very ugly things
  12 ophanim
  12 broodmothers
  7 ironbound thunderhulks
  8 juggernaut skeletons (Pan)
  7 formless jellyfish
  13 stone giants
  13 deep elf demonologists
  11 vampire knights
  13 demonspawn blood saints (Pan)
  16 demonspawn black suns
  5 red draconians
  5 apis (Pan)
  10 deep elf death magi
  13 dire elephants
  12 green draconians
  18 white draconians
  9 war gargoyles
  5 wendigos
  10 black draconians
  45 lorocyprocas
  9 deep elf annihilators
  6 eidola
  12 yellow draconians
  9 purple draconians
  5 spark wasps
  10 ettins
  Snorg (D:13)
  25 blizzard demons
  3 iron golems (Hell)
  21 green deaths (Pan)
  10 fire dragons
  A quicksilver dragon zombie (Hell)
  2 deep elf high priests (Elf:3)
  6 merfolk impalers
  5 crystal guardians
  7 merfolk javelineers
  12 entropy weavers
  5 jiangshi (Crypt:1)
  31 vault guards
  2 peacekeepers
  9 great orbs of eyes
  8 hell beasts (Pan)
  2 quicksilver dragon skeletons
  4 spriggan zombies
  9 hydras
  11 yaktaur captains
  7 jorogumos
  8 ice dragons
  3 spriggan air magi (Depths:2)
  A kraken zombie (Hell)
  6 merfolk aquamancers
  7 ironbound frosthearts
  6 rakshasas
  2 merfolk avatars
  3 ogre magi
  A spriggan skeleton (Hell)
  7 catoblepae
  An alligator snapping turtle (Shoals:4)
  A torpor snail (shapeshifter) (Vaults:5)
  8 radroaches
  34 dancing weapons
  An Orb Guardian skeleton (Crypt:2)
  4 boulder beetles
  46 demonic crawlers
  5 deep troll shamans
  A fenstrider witch skeleton (Crypt:3)
  2 satyrs
  11 two-headed ogres
  An orc high priest (Zig:3)
  34 centaur warriors
  6 tengu warriors
  6 vampire magi
  4 death yaks
  5 hell hogs
  A titan zombie (Crypt:2)
  8 deep troll earth magi
  An occultist (Depths:3)
  10 spriggan berserkers
  18 deep elf knights
  97 soul eaters
  4 thrashing horrors (Abyss:3)
  A storm dragon zombie (Hell)
  A fire crab (D:14)
  216 sun demons
  13 hell knights
  6 hellephant skeletons (Pan)
  9 skysharks
  A shock serpent (shapeshifter) (Vaults:5)
  10 iron trolls
  A skyshark (shapeshifter) (Vaults:5)
  5 golden dragon zombies
  13 cherubim
  8 wretched stars
  A bunyip zombie (Hell)
  An anaconda zombie (Crypt:3)
  40 skeletal warriors
  3 flayed ghosts
  7 orb spiders
  15 pharaoh ants
  67 deep trolls
  56 sixfirhies
  14 sea snakes
  A swamp dragon (shapeshifter) (Vaults:5)
  132 large abominations
  A sea snake (shapeshifter) (Depths:4)
  5 spectral wolf spiders (Spider:3)
  21 deep elf archers
  6 glowing orange brains
  29 shadow demons (Pan)
  23 sun moths
  24 harpies
  5 arcanists
  9 lindwurms
  5 thermic dynamos
  Pikel (D:6)
  7 phantasmal warriors
  8 bog bodies
  A sun moth (shapeshifter) (Vaults:2)
  11 necromancers
  A tengu zombie (Hell)
  4 wolf spider zombies (Spider:3)
  7 steelbarb worms
  2 orange crystal statues
  21 ironbound convokers
  2 iron dragon zombies
  A goliath frog zombie (Crypt:1)
  27 deep elf pyromancers
  27 wolf spiders
  3 orc sorcerers
  10 orc knights
  24 deep elf zephyrmancers
  A shadow dragon skeleton (Crypt:1)
  5 shining eyes
  2 tengu skeletons (Vaults:3)
  2 will-o-the-wisps (Abyss:3)
  An oklob plant (Shoals:3)
  A worldbinder (Abyss:3)
  16 manticores
  A fire giant zombie (Hell)
  10 fauns
  36 ugly things
  8 cyclopes
  A frost giant zombie (Hell)
  7 elephants
  6 black mambas
  26 moths of wrath
  14 merfolk sirens
  4 water nymphs
  7 meliai
  3 molten gargoyles (Hell)
  38 orange demons
  8 human skeletons
  7 torpor snails
  5 kobold blastminers
  2 eyes of devastation (shapeshifter)
  9 eyes of devastation
  A frost giant skeleton (Vaults:3)
  23 vault sentinels
  An apocalypse crab (Zig:11)
  10 rust devils
  An unseen horror (Abyss:3)
  A fire giant skeleton (Vaults:3)
  A centaur zombie (Crypt:2)
  102 smoke demons
  7 gargoyles (D:12)
  2 ice statues (Hell)
  13 cane toads
  A centaur skeleton (Abyss:3)
  A dire elephant zombie (Crypt:2)
  Maggie (D:6)
  A kobold demonologist (D:9)
  An unseen horror (shapeshifter) (D:14)
  2 sea snake zombies (Hell)
  26 hellions
  8 komodo dragons
  20 yaktaurs
  17 efreet
  A steelbarb worm zombie (Crypt:2)
  7 ice devils
  3 tengu conjurers
  4 rime drakes
  A pale draconian skeleton (Crypt:1)
  22 tormentors
  12 freezing wraiths
  A golden dragon simulacrum (Zot:1)
  29 merfolk
  3 guardian mummies
  5 ancient zymes (Abyss:3)
  A merfolk (shapeshifter) (Depths:3)
  9 harpy zombies
  12 red devils (Pan)
  A yaktaur skeleton (Vaults:2)
  39 hellwings (Pan)
  3 polar bears
  2 tyrant leeches (Lair:5)
  13 trolls
  7 wolf spider simulacra (Spider:3)
  3 hydra zombies (Hell)
  10 wind drakes
  3 hydra skeletons
  3 raiju (Abyss:3)
  42 tarantellas
  11 hornets
  A harpy skeleton (Crypt:2)
  4 snapping turtles
  Grinder (D:6)
  11 blink frogs (Lair:5)
  7 glass eyes
  5 dream sheep (Lair:3)
  45 jumping spiders
  110 slime creatures
  An ettin zombie (Hell)
  A centaur simulacrum (Crypt:2)
  7 vampires
  26 culicivoras
  A culicivora (shapeshifter) (Depths:2)
  A slime creature (shapeshifter) (D:15)
  13 small abominations (Abyss:3)
  2 ettin skeletons
  4 air elementals
  16 water elementals
  65 ynoxinuls
  7 spriggans
  6 wyverns
  8 fire elementals
  10 wraiths
  4 wargs
  41 yaks
  A tarantella (shapeshifter) (Vaults:5)
  9 basilisks
  A sea snake simulacrum (Hell)
  11 vampire mosquitoes
  3 fire bats (Pan)
  60 neqoxecs
  A human simulacrum (Vaults:2)
  26 golden eyes
  5 steam dragons
  43 chaos spawn (Pan)
  A black draconian simulacrum (Zot:1)
  Menkaure (Ossuary)
  A yellow draconian simulacrum (Zot:1)
  Edmund (D:6)
  62 redbacks
  A naga zombie (Hell)
  A swamp worm (shapeshifter) (Vaults:5)
  15 water moccasins
  A hydra simulacrum (Hell)
  2 sky beasts (D:8)
  A black bear (D:4)
  An ice beast (Vaults:2)
  29 orc warriors
  An ettin simulacrum (Crypt:2)
  2 redbacks (shapeshifter) (Vaults:5)
  64 laughing skulls
  A swamp dragon zombie (Crypt:1)
  A sky beast (shapeshifter) (Depths:2)
  A boggart (D:14)
  12 wolves
  24 ogres
  A centaur (D:5)
  A snapping turtle skeleton (Crypt:2)
  2 lemures (D:6)
  A dream sheep skeleton (Crypt:2)
  A phantom (D:4)
  15 bullfrogs
  3 kobold brigands
  2 weeping skulls (Abyss:3)
  4 earth elementals
  5 gnoll sergeants
  A brain worm (Abyss:3)
  A scorpion (D:6)
  11 wights
  6 killer bees
  8 howler monkeys
  4 electric eels
  5 bombardier beetles
  11 orc priests
  2 hounds (D:6)
  A human zombie (Crypt:1)
  5 jellies
  15 starcursed masses (Abyss:3)
  An iron imp (Abyss:3)
  2 iguanas
  10 orc wizards
  2 crocodile zombies
  9 mummies
  6 gnolls
  12 adders
  A shadow imp (D:6)
  5 white imps
  3 ufetubi
  A dart slug (D:2)
  2 ribbon worms (D:2)
  50 orcs
  8 bats
  5 endoplasms
  5 giant cockroaches
  5 goblins
  9 hobgoblins
  5 jackals
  11 kobolds
  9 quokkas
  3 training dummies (Orc:1)
  9 ball pythons
  An endoplasm zombie (Crypt:2)
  3 frilled lizards (D:1)
  6 gnoll skeletons
  3 gnoll zombies (Ossuary)
  4 goblin skeletons (Ossuary)
  5 goblin zombies
  4 hobgoblin skeletons (Ossuary)
  3 hobgoblin zombies (Ossuary)
  4 kobold skeletons (Ossuary)
  4 kobold zombies (Ossuary)
  5 orc skeletons (Ossuary)
  7 orc zombies (Ossuary)
  6 rats
  3 rat skeletons (Ossuary)
  4 rat zombies (Ossuary)
  5 aspiring fleshes
  6 ball lightnings (Pan)
  2 lurking horrors (D:15)
  8 starspawn tentacles
  5 tentacles
4367 creatures vanquished.

Vanquished Creatures (collateral kills)
  A seraph (Pan)
  Boris (Vaults:3)
  A tentacled monstrosity (Depths:2)
  A rockslime (Slime:5)
  2 protean progenitors (Pan)
  An ophan (Pan)
  A caustic shrike skeleton (Pan)
  A spark wasp (Spider:4)
  An entropy weaver (Spider:4)
  2 sun demons (Pan)
  A soul eater (Pan)
  A deep troll (Vaults:2)
  A yaktaur (Vaults:2)
  A tarantella (Spider:4)
  A redback (Spider:4)
  A laughing skull (Pan)
  A centaur (D:11)
  3 mummies (Zig:10)
  An orc (Orc:1)
23 creatures vanquished.

Vanquished Creatures (others)
  Mnoleg (Pan)
  A Brimstone Fiend (Pan)
  Asterion (Spider:3)
  An Executioner (Pan)
  An eldritch tentacle (Pan)
  A death cob (Zot:4)
  A vault warden (Vaults:2)
  A demonspawn blood saint (Pan)
  A lorocyproca (Pan)
  A hell beast (Zig:11)
  A dancing weapon (Elf:1)
  A deep troll shaman (Depths:2)
  3 sun demons (Pan)
  A deep elf knight (Elf:3)
  A soul eater (Pan)
  A large abomination (Pan)
  A deep elf pyromancer (Elf:2)
  A cyclops (D:13)
  A moth of wrath (Zot:3)
  A black mamba (Zig:8)
  A meliai (Spider:4)
  A cane toad (Lair:5)
  A smoke demon (Pan)
  2 yaktaurs
  An iron dragon simulacrum (Zig:9)
  A culicivora (Spider:4)
  A vampire (D:12)
  A fire bat (Pan)
  2 neqoxecs
  A vampire mosquito (Lair:5)
  A chaos spawn (Pan)
  A moth of wrath simulacrum (Zot:1)
  An orc warrior (Orc:1)
  A kobold brigand (D:10)
  5 ball lightnings (Pan)
  4 fire vortices (Pan)
  2 foxfires (Abyss:3)
  6 starspawn tentacles
  10 tentacles
65 creatures vanquished.

Grand Total: 4455 creatures vanquished

Notes
Turn   | Place    | Note
-------+----------+-------------------------------------------
     0 | D:1      | Turgor the Coglin Hunter began the quest for the Orb.
     0 | D:1      | Reached XP level 1. HP: 16/16 MP: 1/1
    94 | D:1      | Reached XP level 2. HP: 22/22 MP: 2/2
   288 | D:1      | Reached XP level 3. HP: 28/28 MP: 3/3
   693 | D:2      | Found a bloodstained altar of Trog.
  1028 | D:2      | Reached XP level 4. HP: 34/34 MP: 4/4
  1031 | D:2      | Identified the +3 ring mail of the Grape {Regen+ Int+4}
  2136 | D:4      | Found a staircase to the Ecumenical Temple.
  2144 | Temple   | Entered the Ecumenical Temple
  2151 | Temple   | Became a worshipper of Cheibriados the Contemplative
  2258 | D:4      | Noticed a bullfrog
  2261 | D:4      | Killed a bullfrog
  2262 | D:4      | Reached skill level 5 in Ranged Weapons
  2262 | D:4      | Reached skill level 1 in Armour
  2262 | D:4      | Reached XP level 5. HP: 40/40 MP: 5/5
  2328 | D:4      | Found a sand-covered staircase.
  2342 | Ossuary  | Entered an ossuary
  2621 | Ossuary  | Noticed Menkaure
  2626 | Ossuary  | Killed Menkaure
  2627 | Ossuary  | Reached skill level 2 in Armour
  2627 | Ossuary  | Reached XP level 6. HP: 46/46 MP: 6/6
  2784 | D:4      | Reached XP level 7. HP: 51/51 MP: 7/7
  2820 | D:4      | Found a white marble altar of Elyvilon.
  2826 | D:4      | Reached skill level 3 in Armour
  3069 | D:4      | Reached * piety under Cheibriados
  3228 | D:5      | Entered Level 5 of the Dungeon
  3293 | D:5      | Identified a scroll of acquirement
  3293 | D:5      | Acquired a +2 pair of boots of flying
  3337 | D:5      | Reached skill level 4 in Armour
  3337 | D:5      | Reached XP level 8. HP: 39/57 MP: 8/8
  3512 | D:5      | Found Zoeceq's Fire Supplies.
  3521 | D:5      | Bought a wand of flame (8) for 78 gold pieces
  4028 | D:6      | Noticed a two-headed ogre
  4146 | D:6      | Gained mutation: You occasionally lose the ability to read
                  | scrolls when taking damage. [potion of mutation]
  4146 | D:6      | Gained mutation: Your magical capacity is low. (-10% MP)
                  | [potion of mutation]
  4146 | D:6      | Gained mutation: Armour fits poorly on your strangely
                  | shaped body. [potion of mutation]
  4147 | D:6      | Lost mutation: You occasionally lose the ability to read
                  | scrolls when taking damage. [potion of mutation]
  4147 | D:6      | Lost mutation: Your magical capacity is low. (-10% MP)
                  | [potion of mutation]
  4147 | D:6      | Lost mutation: Armour fits poorly on your strangely shaped
                  | body. [potion of mutation]
  4147 | D:6      | Gained mutation: You have a pair of small horns on your
                  | head. [potion of mutation]
  4147 | D:6      | Gained mutation: You have a pair of horns on your head.
                  | [potion of mutation]
  4147 | D:6      | Gained mutation: You have hidden genetic defects. [potion
                  | of mutation]
  4230 | D:6      | Noticed a wraith
  4253 | D:6      | Killed a wraith
  4253 | D:6      | Noticed Edmund
  4255 | D:6      | Gained mutation: You sometimes lose your temper in combat.
                  | [hidden defects]
  4259 | D:6      | Killed Edmund
  4260 | D:6      | Reached skill level 5 in Armour
  4340 | D:6      | Reached ** piety under Cheibriados
  4364 | D:6      | Killed a two-headed ogre
  4365 | D:6      | Reached skill level 10 in Ranged Weapons
  4365 | D:6      | Reached XP level 9. HP: 32/62 MP: 9/9
  4366 | D:6      | Gained mutation: You occasionally shout uncontrollably at
                  | your foes. [hidden defects]
  4366 | D:6      | Lost mutation: You have hidden genetic defects. [hidden
                  | defects expressed]
  4436 | D:6      | Noticed Maggie
  4450 | D:6      | Killed Maggie
  4585 | D:6      | Noticed Pikel
  4608 | D:6      | Killed Pikel
  4664 | D:6      | Noticed Grinder
  4674 | D:6      | Killed Grinder
  4678 | D:6      | Reached XP level 10. HP: 69/69 MP: 10/10
  4932 | D:6      | Found a faded altar of an unknown god.
  4934 | D:6      | Found a hazy altar of Hepliaklqana.
  5225 | D:7      | Found a glowing silver altar of Zin.
  5234 | D:7      | Found a glowing golden altar of the Shining One.
  5234 | D:7      | Found a sacrificial altar of Ru.
  5234 | D:7      | Found a shimmering blue altar of Sif Muna.
  5235 | D:7      | Found a stormy altar of Qazlal.
  5237 | D:7      | Found a hide-covered altar of Uskayaw.
  5237 | D:7      | Found a blossoming altar of Fedhas.
  5238 | D:7      | Found a shimmering altar of Xom.
  5417 | D:7      | Reached *** piety under Cheibriados
  5769 | D:7      | Found an iron altar of Okawaru.
  5933 | D:8      | Reached skill level 6 in Armour
  5955 | D:8      | Found a staircase to the Lair.
  6042 | D:8      | Reached skill level 5 in Fighting
  6101 | D:8      | Reached **** piety under Cheibriados
  6227 | D:8      | Reached XP level 11. HP: 80/80 MP: 11/11
  6988 | D:10     | Entered Level 10 of the Dungeon
  7203 | D:10     | Found a radiant altar of Vehumet.
  7426 | D:10     | Paralysed by a hornet for 2 turns
  7518 | D:10     | Found a staircase to the Orcish Mines.
  7653 | D:10     | Reached ***** piety under Cheibriados
  7973 | D:11     | You are sucked into a shaft and drop 3 floors!
  7973 | D:14     | Found an opulent altar of Gozag.
  8126 | D:14     | Noticed a four-headed hydra
  8133 | D:14     | Killed a four-headed hydra
  8134 | D:14     | Reached skill level 1 in Evocations
  8146 | D:14     | Learned a level 2 spell: Blink
  8150 | D:14     | Learned a level 3 spell: Frozen Ramparts
  8154 | D:14     | Learned a level 3 spell: Ozocubu's Armour
  8155 | D:13     | Noticed a centaur warrior
  8155 | D:13     | Noticed a boulder beetle
  8155 | D:13     | Noticed a tengu warrior
  8155 | D:13     | Noticed a tengu warrior
  8155 | D:13     | Noticed a two-headed ogre
  8211 | D:14     | Identified the +2 pair of gloves of the Watchman {rPois
                  | Dex+3}
  8240 | D:14     | Noticed a five-headed hydra
  8247 | D:14     | Killed a five-headed hydra
  8248 | D:14     | Reached skill level 1 in Invocations
  8282 | D:13     | Noticed a manticore
  8282 | D:13     | Noticed a cyclops
  8292 | D:13     | Killed a cyclops
  8294 | D:13     | Killed a manticore
  8304 | D:13     | Killed a centaur warrior
  8664 | D:13     | Noticed a cyan ugly thing
  8675 | D:13     | Killed a cyan ugly thing
  8686 | D:12     | Noticed a cyclops
  8686 | D:12     | Noticed a cyclops
  8764 | D:11     | Reached XP level 12. HP: 94/94 MP: 13/13
  9640 | D:12     | Reached skill level 5 in Dodging
  9731 | D:12     | Noticed a centaur warrior
  9738 | D:12     | Killed a centaur warrior
  9739 | D:12     | Reached skill level 5 in Evocations
  9836 | D:12     | Noticed a two-headed ogre
 10155 | D:12     | Reached ****** piety under Cheibriados
 10156 | D:12     | Reached XP level 13. HP: 32/101 MP: 16/16
 10323 | D:12     | Reached skill level 5 in Invocations
 10645 | D:12     | Got the Spellbook of Last Rites
 10788 | D:12     | Reached skill level 7 in Armour
 11095 | Lair:1   | Entered Level 1 of the Lair of Beasts
 11305 | Lair:1   | Noticed Gastronok
 11315 | Lair:1   | Killed Gastronok
 11316 | Lair:1   | Reached skill level 10 in Fighting
 11347 | Lair:1   | You are sucked into a shaft and drop 1 floor!
 12082 | Lair:2   | Reached skill level 10 in Evocations
 12942 | Lair:3   | Reached XP level 14. HP: 103/110 MP: 19/19
 12950 | Lair:3   | Upgraded the game from 0.32-a0-791-gfc315c9ecd to
                  | 0.32-a0-799-g95e1662365
 13274 | Lair:3   | Found a hole to the Spider Nest.
 13479 | Lair:3   | Reached skill level 8 in Armour
 13705 | Lair:3   | Found a staircase to the Shoals.
 14121 | Lair:4   | Acquired a neodymium neosprocket {RevMP, rElec Slay+3}
 14715 | Lair:5   | Entered Level 5 of the Lair of Beasts
 14824 | Lair:5   | Identified the +2 robe of the Original Sin {rN+ Str+3 Int+3
                  | Dex-2}
 15074 | Lair:5   | Found a viscous altar of Jiyva.
 15074 | Lair:5   | Found a staircase to the Slime Pits.
 15982 | Orc:1    | Entered Level 1 of the Orcish Mines
 16004 | Orc:1    | Noticed an orc warlord
 16023 | Orc:1    | Killed an orc warlord
 16024 | Orc:1    | Reached XP level 15. HP: 104/119 MP: 21/21
 16148 | Orc:1    | Reached skill level 9 in Armour
 16230 | Orc:2    | Entered Level 2 of the Orcish Mines
 16652 | Orc:2    | Reached skill level 10 in Invocations
 16726 | Orc:2    | Found Pejuemif's Antique Armour Shop.
 16757 | Orc:2    | Found Wewk's Assorted Antiques.
 16764 | Orc:2    | Found a staircase to the Elven Halls.
 16765 | Orc:2    | Found Hinwamie's Weapon Boutique.
 16766 | Orc:2    | Found Deqipp's Distillery.
 16768 | Orc:2    | Bought a brightly glowing sling for 175 gold pieces
 16768 | Orc:2    | Identified the +3 sling of the Imperium {heavy, MP+9} (You
                  | bought it in a shop on level 2 of the Orcish Mines)
 16831 | Orc:2    | Bought 6 curare-tipped darts for 86 gold pieces
 17154 | Orc:2    | Bought a runed scarf for 272 gold pieces
 17283 | Orc:1    | Found Qasacufi's Firing Range.
 17294 | Orc:1    | Bought a +3 hand cannon of draining for 326 gold pieces
 17527 | D:13     | Noticed Snorg
 17531 | D:13     | Killed Snorg
 17542 | D:13     | Noticed Rupert
 17544 | D:13     | Killed Rupert
 17640 | D:13     | Found a gate to the Vaults.
 17956 | D:14     | Reached skill level 15 in Ranged Weapons
 17958 | D:14     | Noticed a fire giant
 17962 | D:14     | Killed a fire giant
 18064 | D:14     | Reached XP level 16. HP: 104/127 MP: 23/23
 18579 | D:14     | Found a radiant altar of Vehumet.
 18711 | D:15     | Entered Level 15 of the Dungeon
 18754 | D:15     | Found Wof Os Qun's General Store.
 18760 | D:15     | Bought a box of beasts for 560 gold pieces
 18760 | D:15     | Bought 2 scrolls of teleportation for 84 gold pieces
 18987 | D:15     | Found a corrupted altar of Lugonu.
 19067 | D:15     | Found a one-way gate to the infinite horrors of the Abyss.
 19191 | D:15     | Found a staircase to the Depths.
 19354 | D:15     | Learned a level 1 spell: Apportation
 19708 | Spider:1 | Entered Level 1 of the Spider Nest
 19711 | Spider:1 | Noticed Jorgrun
 19764 | Lair:3   | Lost mutation: You have a pair of horns on your head.
                  | [potion of mutation]
 19764 | Lair:3   | Lost mutation: You occasionally shout uncontrollably at
                  | your foes. [potion of mutation]
 19764 | Lair:3   | Lost mutation: You sometimes lose your temper in combat.
                  | [potion of mutation]
 19764 | Lair:3   | Gained mutation: You have an increased reservoir of magic.
                  | (+10% MP) [potion of mutation]
 19764 | Lair:3   | Gained mutation: You are strong-willed. (Will+) [potion of
                  | mutation]
 19764 | Lair:3   | Gained mutation: Your muscles are strong. (Str +4, Int/Dex
                  | -1) [potion of mutation]
 19764 | Lair:3   | Gained mutation: You have very sharp teeth. [potion of
                  | mutation]
 20566 | Spider:1 | Reached XP level 17. HP: 133/133 MP: 27/27
 20572 | Spider:1 | Reached skill level 1 in Stealth
 20591 | Spider:1 | Killed Jorgrun
 21226 | Spider:1 | Identified the staff of Law {Int+5 Earth}
 21375 | Spider:1 | Reached skill level 10 in Armour
 21384 | Spider:1 | Identified the +7 rapier "Vyen" {drain, *Corrode Str+4
                  | SInv}
 21424 | Spider:1 | Reached skill level 10 in Dodging
 21777 | Spider:3 | Noticed Nikola
 21792 | Spider:3 | Killed Nikola
 21793 | Spider:3 | Reached skill level 5 in Stealth
 21848 | Spider:3 | Noticed Asterion
 22228 | Spider:3 | Reached XP level 18. HP: 142/142 MP: 28/28
 22251 | Spider:3 | Killed Asterion
 22663 | Spider:4 | Entered Level 4 of the Spider Nest
 22989 | Spider:4 | Reached skill level 11 in Armour
 23634 | Spider:4 | Got a gossamer rune of Zot
 24178 | Depths:1 | Entered Level 1 of the Depths
 24186 | Depths:1 | Identified the +0 leather armour of Pessimism {^Contam rF+
                  | Str+5}
 24195 | Depths:1 | Identified the +9 dagger of Zejo {venom, rC++}
 24395 | Depths:1 | Found a flickering gateway to a bazaar.
 24407 | Bazaar   | Entered a bazaar
 24414 | Bazaar   | Found Lyiqado's Assorted Antiques.
 24432 | Bazaar   | Found Gaboor's Magic Scroll Shop.
 24441 | Bazaar   | Found Jitahus's Assorted Antiques.
 24575 | Bazaar   | Bought a scroll of enchant weapon for 75 gold pieces
 24575 | Bazaar   | Bought a scroll of teleportation for 30 gold pieces
 24575 | Bazaar   | Bought a scroll of brand weapon for 95 gold pieces
 24575 | Bazaar   | Bought a scroll of enchant weapon for 75 gold pieces
 24575 | Bazaar   | Bought a scroll of enchant weapon for 75 gold pieces
 24575 | Bazaar   | Bought a scroll of revelation for 75 gold pieces
 24575 | Bazaar   | Bought a scroll of teleportation for 30 gold pieces
 24610 | Bazaar   | Bought a scroll of teleportation for 87 gold pieces
 24610 | Bazaar   | Bought a scroll of fear for 116 gold pieces
 24652 | Depths:1 | Acquired 1218 gold pieces
 24678 | Depths:1 | Identified the +5 scimitar "Imp's Funeral" {vamp, Int+3}
 24680 | Depths:1 | Identified the +1 mace of Equivalence {holy, MP+9 Int+5
                  | SInv}
 24801 | Depths:1 | Reached XP level 19. HP: 151/151 MP: 30/30
 24991 | Depths:1 | Found a one-way gate leading to the halls of Pandemonium.
 25223 | Depths:1 | Found a gateway to Hell.
 25233 | Depths:1 | Reached skill level 12 in Armour
 25427 | Vaults:1 | Entered Level 1 of the Vaults
 25593 | Vaults:1 | Found a magical portal.
 25607 | WizLab   | Entered Wucad Mu's Monastery
 25776 | WizLab   | Found the crystal ball of Wucad Mu {*channel}
 26465 | Vaults:1 | Reached skill level 15 in Fighting
 27063 | Vaults:2 | Reached skill level 13 in Armour
 27188 | Vaults:2 | Reached XP level 20. HP: 117/162 MP: 31/31
 27339 | Vaults:2 | Found a flickering gateway to a bazaar.
 27373 | Bazaar   | Entered a bazaar
 27373 | Bazaar   | Found Saihuini's Weapon Shop.
 27386 | Bazaar   | Found Fakaepneisk's Magic Scroll Shoppe.
 27410 | Bazaar   | Found Yfriorr's General Store.
 27419 | Bazaar   | Found Omioc's General Store.
 27469 | Bazaar   | Bought a scroll of acquirement for 936 gold pieces
 27469 | Bazaar   | Bought a scroll of teleportation for 54 gold pieces
 27469 | Bazaar   | Bought a scroll of fear for 72 gold pieces
 27469 | Bazaar   | Bought a scroll of teleportation for 54 gold pieces
 27491 | Bazaar   | Bought a scroll of blinking for 82 gold pieces
 27491 | Bazaar   | Bought a potion of enlightenment for 55 gold pieces
 27491 | Bazaar   | Bought a scroll of blinking for 82 gold pieces
 27506 | Bazaar   | Acquired 934 gold pieces
 27797 | Vaults:2 | Reached skill level 15 in Dodging
 27887 | Vaults:2 | Got The Concealed Practices, Part One
 28339 | Vaults:2 | Reached skill level 14 in Armour
 28538 | Vaults:3 | Identified the +1 sling of Meulaph {drain, rPois MP+9 Int+3
                  | Dex+3}
 28690 | Vaults:3 | Noticed Agnes
 28700 | Vaults:3 | Killed Agnes
 28946 | Vaults:3 | Identified the +7 glaive of Vodka {elec, rN+ Str+3 Dex+3}
 29057 | Vaults:3 | Reached XP level 21. HP: 162/172 MP: 33/33
 29057 | Vaults:3 | Reached XP level 22. HP: 169/180 MP: 34/34
 29444 | Vaults:3 | Identified the +4 robe of Focus {Str-4 Int+6 SInv}
 29444 | Vaults:3 | Noticed Boris
 29451 | Vaults:3 | Killed Boris
 29667 | Vaults:3 | Found a staircase to the Crypt.
 29678 | Vaults:3 | Reached skill level 15 in Armour
 30166 | Vaults:4 | Reached skill level 1 in Translocations
 30190 | Vaults:4 | Reached skill level 1 in Ice Magic
 30382 | Vaults:4 | Identified the +3 robe "Safockokh" {*Corrode +Blink rF+
                  | Dex+3}
 30382 | Vaults:4 | Noticed Boris
 30393 | Vaults:4 | Killed Boris
 30394 | Vaults:4 | Reached skill level 1 in Spellcasting
 30976 | Elf:1    | Entered Level 1 of the Elven Halls
 32204 | Elf:2    | Reached skill level 5 in Translocations
 32234 | Elf:2    | Paralysed by an air elemental for 1 turns
 32333 | Elf:2    | Reached XP level 23. HP: 190/190 MP: 35/35
 32368 | Elf:2    | Reached skill level 5 in Ice Magic
 32410 | Elf:2    | Found a runed translucent gate.
 32410 | Elf:2    | Found a runed translucent gate.
 32410 | Elf:2    | Found a runed translucent gate.
 32910 | Elf:3    | Entered Level 3 of the Elven Halls
 32981 | Elf:3    | Found an ancient bone altar of Kikubaaqudgha.
 33512 | Elf:3    | Identified the ring "Tamiximn" {rF+ Dex+4 Stlth+}
 33526 | Elf:3    | Identified an amulet of Ylyt {Acrobat Rampage}
 33530 | Elf:3    | Identified the +12 quarterstaff "Xuomn" {drain, Fly rElec
                  | Stlth+}
 33684 | Abyss:3  | Cast into level 3 of the Abyss (a deep elf demonologist)
 33690 | Abyss:3  | Found a corrupted altar of Lugonu.
 33718 | Abyss:3  | Found a shadowy altar of Dithmenos.
 33733 | Abyss:3  | Found a shadowy altar of Dithmenos.
 34174 | Elf:3    | Escaped the Abyss
 34187 | Elf:3    | Identified the amulet of Mistrust {rC++ Regen+ Int+3
                  | Stlth-}
 34387 | Elf:3    | Got Robriwiuhy's Vademecum on Hypothermic Rallying
 34425 | Elf:3    | Got Sif Muna's Codex of the Overhead Tundra
 34438 | Elf:3    | Identified the staff of a sewer {rF+ Str+4 Summ Fire}
 34470 | Elf:3    | Learned a level 6 spell: Dispersal
 34805 | Depths:2 | Identified the +2 robe of Kubos {Will- Dex+5}
 34805 | Depths:2 | Noticed Boris
 34823 | Depths:2 | Paralysed by a vampire knight for 5 turns
 34934 | Depths:2 | Reached skill level 5 in Spellcasting
 34964 | Depths:2 | Killed Boris
 34975 | Depths:2 | Reached XP level 24. HP: 149/198 MP: 35/35
 35031 | Depths:2 | Noticed a caustic shrike
 35033 | Depths:2 | Killed a caustic shrike
 35035 | Depths:2 | Noticed a caustic shrike
 35042 | Depths:2 | Killed a caustic shrike
 35085 | Depths:2 | Noticed a caustic shrike
 35090 | Depths:2 | Killed a caustic shrike
 35163 | Depths:2 | Noticed a caustic shrike
 35170 | Depths:2 | Killed a caustic shrike
 35244 | Depths:2 | Noticed a caustic shrike
 35247 | Depths:2 | Killed a caustic shrike
 35250 | Depths:2 | Identified the ring of Zeuxoch {MP+9 SInv}
 35574 | Depths:2 | Noticed a juggernaut
 35586 | Depths:2 | Killed a juggernaut
 35904 | Depths:2 | Found a one-way gateway to a ziggurat.
 36276 | Depths:3 | Noticed a juggernaut
 36282 | Depths:3 | Killed a juggernaut
 36419 | Depths:3 | Noticed a juggernaut
 36425 | Depths:3 | Killed a juggernaut
 36435 | Depths:3 | Found the +6 shillelagh "Devastator" {shatter}
 36539 | Depths:3 | Reached skill level 16 in Armour
 37030 | Depths:4 | Entered Level 4 of the Depths
 37373 | Depths:4 | Reached skill level 15 in Evocations
 37390 | Depths:4 | Reached XP level 25. HP: 206/206 MP: 35/35
 37448 | Depths:4 | Found a gate to the Realm of Zot.
 37858 | Crypt:1  | Entered Level 1 of the Crypt
 38013 | Crypt:1  | HP: 8/207 [jiangshi[a vampire mage] (12)]
 38532 | Crypt:1  | Reached skill level 17 in Armour
 39117 | Crypt:2  | Noticed Grunn
 39123 | Crypt:2  | Killed Grunn
 39439 | Crypt:2  | Reached skill level 18 in Armour
 39490 | Crypt:2  | Identified the +3 leather armour of Refuge {Harm rF+ rCorr
                  | Str+5}
 39913 | Crypt:3  | Entered Level 3 of the Crypt
 40460 | Crypt:3  | Found a staircase to the Tomb.
 40569 | Crypt:3  | Reached skill level 10 in Translocations
 40601 | Crypt:3  | Found the +9 sword of Zonguldrok {reap}
 40760 | Crypt:3  | Found an ancient bone altar of Kikubaaqudgha.
 40760 | Crypt:3  | Noticed an ancient lich
 40765 | Crypt:3  | Killed an ancient lich
 41650 | Slime:1  | Entered Level 1 of the Pits of Slime
 41675 | Slime:1  | Reached XP level 26. HP: 218/218 MP: 38/38
 43188 | Slime:5  | Entered Level 5 of the Pits of Slime
 43453 | Slime:5  | Found a viscous altar of Jiyva.
 43494 | Slime:5  | Found the +5 demon whip "Spellbinder" {antimagic, disrupt,
                  | Will+}
 43754 | Slime:5  | Gained mutation: You have a pair of horns on your head. [a
                  | shining eye]
 43791 | Slime:5  | Noticed the Royal Jelly
 43826 | Slime:5  | Killed the Royal Jelly
 44215 | Slime:5  | Identified the +3 dagger of Rotation {venom, +Blink rF+
                  | Will- rCorr}
 44247 | Slime:5  | Identified the staff "Duuwostry" {^Drain rElec rF- rC+
                  | Int+5 Ice}
 44286 | Slime:5  | Identified the +1 arbalest of Dismemberment {heavy, Str+6}
 44300 | Slime:5  | Identified the +0 mace "Plojy" {venom, rN+ Str+2 Int+3
                  | Dex+2}
 44305 | Slime:5  | Identified the +8 halberd of the Saviour {drain, *Rage
                  | +Blink rF++ MP+9}
 44307 | Slime:5  | Got the Volume of Incineration and the Geodesic
 44888 | Slime:5  | Got the Meditations on Kinetic Shades
 44889 | Slime:5  | Identified the +4 dagger of the Eel {flame, Fly Will+ Dex-4
                  | Stlth+}
 44910 | Slime:5  | Got a slimy rune of Zot
 45092 | Shoals:1 | Entered Level 1 of the Shoals
 45095 | Shoals:1 | Identified the serpent talisman of the Garden {rC- Str+3
                  | Dex+4}
 45095 | Shoals:1 | Noticed Aizul
 45097 | Shoals:1 | Killed Aizul
 45808 | Shoals:2 | Noticed Louise
 45811 | Shoals:2 | Killed Louise
 45811 | Shoals:2 | Noticed Donald
 45814 | Shoals:2 | Killed Donald
 45922 | Shoals:2 | Noticed Polyphemus
 45942 | Shoals:2 | Killed Polyphemus
 45945 | Shoals:2 | Reached skill level 19 in Armour
 46732 | Shoals:2 | Learned a level 9 spell: Polar Vortex
 46776 | Shoals:3 | Noticed Ilsuiw
 46788 | Shoals:3 | Killed Ilsuiw
 46821 | Shoals:3 | Found a shimmering blue altar of Sif Muna.
 46959 | Shoals:3 | Noticed Mara
 46966 | Shoals:3 | Noticed Turgor's illusion
 46967 | Shoals:3 | Killed Mara
 47416 | Shoals:4 | Entered Level 4 of the Shoals
 47604 | Shoals:4 | Reached XP level 27. HP: 226/226 MP: 39/39
 47638 | Shoals:4 | Identified the +2 battleaxe "Qichocik" {flame, MP+9}
 47708 | Shoals:4 | Identified the staff of Defence by Offence {rElec rCorr
                  | Air}
 47881 | Shoals:4 | Reached skill level 10 in Ice Magic
 47898 | Shoals:4 | Got a barnacled rune of Zot
 48636 | Vaults:5 | Entered Level 5 of the Vaults
 48641 | Vaults:5 | Identified the +7 chain mail "Mukuduk" {rC+ Will+ Str+6}
 48757 | Vaults:5 | Identified the amulet of Siff {Spirit Dex+3}
 48891 | Vaults:5 | Identified the +4 rapier of Corruption {pain, Dex+2}
 49032 | Vaults:5 | Identified the amulet of Yteupaoh {Reflect Int+4 SH+5}
 49159 | Vaults:5 | Got a silver rune of Zot
 49863 | Vaults:5 | Reached skill level 20 in Armour
 50260 | D:15     | Voluntarily entered the Abyss.
 50301 | Abyss:3  | Found a corrupted altar of Lugonu.
 50545 | Abyss:3  | Found a corrupted altar of Lugonu.
 50545 | Abyss:3  | Found a corrupted altar of Lugonu.
 50733 | Abyss:3  | Found a corrupted altar of Lugonu.
 50736 | Abyss:3  | Found a corrupted altar of Lugonu.
 50736 | Abyss:3  | Found a corrupted altar of Lugonu.
 50780 | Abyss:3  | Found a corrupted altar of Lugonu.
 50802 | Abyss:3  | Found a glowing golden altar of the Shining One.
 50828 | Abyss:3  | Noticed a juggernaut
 50834 | Abyss:3  | Killed a juggernaut
 50838 | Abyss:3  | Got an abyssal rune of Zot
 50906 | D:15     | Escaped the Abyss
 51058 | Zot:1    | Entered Level 1 of the Realm of Zot
 51071 | Zot:1    | Noticed Parghit
 51607 | Zot:1    | Identified the ring of Sovereignty {Ice Str+3 Int+3}
 51607 | Zot:1    | Noticed Josephina
 51610 | Zot:1    | Killed Josephina
 51883 | Zot:1    | Killed Parghit
 52987 | Zot:3    | Noticed an orb of fire
 52990 | Zot:3    | Gained mutation: You occasionally lose the ability to drink
                  | potions when taking damage. [an orb of fire]
 52994 | Zot:3    | Killed an orb of fire
 53002 | Zot:3    | Lost mutation: You have an increased reservoir of magic.
                  | (+10% MP) [potion of mutation]
 53002 | Zot:3    | Lost mutation: You occasionally lose the ability to drink
                  | potions when taking damage. [potion of mutation]
 53002 | Zot:3    | Lost mutation: You are strong-willed. (Will+) [potion of
                  | mutation]
 53002 | Zot:3    | Gained mutation: Your movements are slightly less
                  | encumbered by armour. (ER -2) [potion of mutation]
 53226 | Zot:3    | Noticed an orb of fire
 53403 | Zot:3    | Noticed a dread lich
 53540 | Zot:3    | Reached skill level 21 in Armour
 53663 | Zot:3    | Found a runed translucent gate.
 53664 | Zot:3    | Found a runed translucent gate.
 53665 | Zot:3    | Found a runed translucent gate.
 53672 | Zot:3    | Found a transporter.
 53676 | Zot:3    | Found a radiant altar of Vehumet.
 53679 | Zot:3    | Noticed a dread lich
 53901 | Zot:3    | Noticed Nilihum's ghost (veteran DEAl)
 53914 | Zot:3    | Upgraded the game from 0.32-a0-799-g95e1662365 to
                  | 0.32-a0-814-g0968bab981
 54035 | Zot:4    | Reached skill level 15 in Ice Magic
 54150 | Zot:4    | Reached skill level 15 in Translocations
 54382 | Zot:4    | Reached skill level 22 in Armour
 54987 | Zot:4    | Found a transporter.
 54994 | Zot:4    | Found a transporter.
 55102 | Zot:4    | Found a transporter.
 55190 | Zot:4    | Noticed an orb of fire
 55197 | Zot:4    | Gained mutation: You are resistant to electric shocks.
                  | (rElec) [an orb of fire]
 55200 | Zot:4    | Killed an orb of fire
 55480 | Zot:4    | Found a transporter.
 55718 | Pan      | Entered Pandemonium
 56980 | Pan      | Reached skill level 23 in Armour
 57082 | Pan      | Noticed Luise the pandemonium lord
 57086 | Pan      | Gained mutation: Armour fits poorly on your strangely
                  | shaped body. [a cacodemon]
 57093 | Pan      | Killed Luise the pandemonium lord
 57346 | Pan      | Identified the +2 morningstar "Rinuru" {spect, rElec rPois}
 57514 | Pan      | Noticed Oroopnys the pandemonium lord
 57524 | Pan      | Killed Oroopnys the pandemonium lord
 58504 | Pan      | Found an exit through the horrors of the Abyss.
 58746 | Pan      | Noticed Tuvviceky the pandemonium lord
 58747 | Pan      | Found a runed translucent door.
 59082 | Pan      | Killed Tuvviceky the pandemonium lord
 59157 | Pan      | Identified the +5 short sword "Killer Klown's Foe" {pain,
                  | *Rage +Blink rElec rPois}
 59195 | Pan      | Reached skill level 24 in Armour
 59318 | Pan      | Got a demonic rune of Zot
 59787 | Pan      | Found an exit through the horrors of the Abyss.
 60258 | Pan      | Identified the +6 bardiche of Ygys {protect, ^Fragile rC+
                  | Int+3}
 60284 | Pan      | Noticed Kenitodgh the pandemonium lord
 60286 | Pan      | Killed Kenitodgh the pandemonium lord
 61529 | Pan      | Noticed Xousate the pandemonium lord
 61538 | Pan      | Killed Xousate the pandemonium lord
 62593 | Depths:1 | Escaped Pandemonium
 62602 | Pan      | Entered Pandemonium
 63509 | Pan      | Reached skill level 25 in Armour
 64044 | Pan      | Noticed Ruif the pandemonium lord
 64053 | Pan      | Killed Ruif the pandemonium lord
 64148 | Pan      | Entered the realm of Lom Lobon.
 64244 | Pan      | Identified the +5 ring mail of Teiddus {rPois rF+}
 64309 | Pan      | Noticed Lom Lobon
 64329 | Pan      | Killed Lom Lobon
 64336 | Pan      | Got a magical rune of Zot
 64877 | Pan      | Learned a level 8 spell: Disjunction
 64918 | Pan      | Found an exit through the horrors of the Abyss.
 65214 | Pan      | Identified the +5 cloak "Akhomnes" {-Tele Rampage Will-
                  | Dex+5}
 65218 | Pan      | Found an ancient bone altar of Kikubaaqudgha.
 65401 | Pan      | Noticed Livinory the pandemonium lord
 65735 | Pan      | Killed Livinory the pandemonium lord
 66053 | Pan      | Reached skill level 1 in Shapeshifting
 67019 | Pan      | Noticed a seraph
 67022 | Pan      | Killed a seraph
 67026 | Pan      | Identified the +3 longbow "Suohuck" {flame, Str+3}
 67037 | Pan      | Found a glowing golden altar of the Shining One.
 67087 | Pan      | Identified the +5 arbalest of the Valley of Death {heavy,
                  | rC+ Int+2}
 67089 | Pan      | Identified the ring of Contention {rF+ rN+ Str+2}
 67096 | Pan      | Got the Quarto of Apparitions and the Traveller
 67097 | Pan      | Identified the +0 ring mail "Wuis" {rC+ Int+3}
 67111 | Depths:1 | Escaped Pandemonium
 67187 | Hell     | Entered the Vestibule of Hell
 67187 | Hell     | Noticed Geryon
 67193 | Hell     | Killed Geryon
 67200 | Hell     | Reached skill level 5 in Shapeshifting
 67372 | Hell     | Found a gateway to the ashen valley of Gehenna.
 67376 | Hell     | Reached skill level 26 in Armour
 67428 | Hell     | Noticed a dread lich
 67431 | Hell     | Killed a dread lich
 67469 | Hell     | Found a gateway to the decaying netherworld of Tartarus.
 67526 | Hell     | Found a gateway to the freezing wastes of Cocytus.
 68176 | Hell     | Found a gateway to the Iron City of Dis.
 68290 | Pan      | Entered Pandemonium
 68997 | Pan      | Noticed Caloosumm the pandemonium lord
 69006 | Pan      | Killed Caloosumm the pandemonium lord
 69759 | Pan      | Reached skill level 10 in Shapeshifting
 69862 | Pan      | Gained mutation: Your body sometimes deteriorates upon
                  | taking damage. [a cacodemon]
 69863 | Pan      | Noticed Heroo the pandemonium lord
 69868 | Pan      | Killed Heroo the pandemonium lord
 69939 | Pan      | Lost mutation: You have a pair of horns on your head.
                  | [potion of mutation]
 69939 | Pan      | Lost mutation: Your movements are slightly less encumbered
                  | by armour. (ER -2) [potion of mutation]
 69939 | Pan      | Lost mutation: Armour fits poorly on your strangely shaped
                  | body. [potion of mutation]
 69939 | Pan      | Gained mutation: You have a pair of horns on your head.
                  | [potion of mutation]
 69939 | Pan      | Gained mutation: Your skin changes colour to match your
                  | surroundings (Stealth+). [potion of mutation]
 69939 | Pan      | Lost mutation: Your body sometimes deteriorates upon taking
                  | damage. [potion of mutation]
 69939 | Pan      | Gained mutation: You have supernaturally acute eyesight.
                  | (SInv) [potion of mutation]
 70066 | Pan      | Found an exit through the horrors of the Abyss.
 70217 | Pan      | Acquired 950 gold pieces
 70643 | Pan      | Found an exit through the horrors of the Abyss.
 71083 | Pan      | Noticed Reumualo the pandemonium lord
 71091 | Pan      | Killed Reumualo the pandemonium lord
 71939 | Pan      | Noticed Kauffaq the pandemonium lord
 71943 | Pan      | Killed Kauffaq the pandemonium lord
 72495 | Pan      | Gained mutation: Armour fits poorly on your strangely
                  | shaped body. [a neqoxec]
 72684 | Pan      | Noticed Foekid the pandemonium lord
 72871 | Pan      | Killed Foekid the pandemonium lord
 73231 | Pan      | Reached skill level 15 in Shapeshifting
 73711 | Pan      | Entered the realm of Mnoleg.
 73749 | Pan      | Gained mutation: Your spells are a little easier to cast,
                  | but a little less powerful. [a cacodemon]
 73779 | Pan      | Gained mutation: You are frail. (-10% HP) [a cacodemon]
 73782 | Pan      | Lost mutation: Armour fits poorly on your strangely shaped
                  | body. [potion of mutation]
 73782 | Pan      | Lost mutation: Your skin changes colour to match your
                  | surroundings (Stealth+). [potion of mutation]
 73782 | Pan      | Gained mutation: Your system is resistant to poisons.
                  | (rPois) [potion of mutation]
 73782 | Pan      | Gained mutation: You are covered in fur. (AC +1) [potion of
                  | mutation]
 73783 | Pan      | Noticed Mnoleg
 73849 | Pan      | Gained mutation: You are vulnerable to cold. (rC-) [a
                  | cacodemon]
 73890 | Pan      | Killed Mnoleg
 73977 | Pan      | Lost mutation: Your muscles are strong. (Str +4, Int/Dex
                  | -1) [a neqoxec]
 74074 | Pan      | Got a glowing rune of Zot
 74301 | Pan      | Gained mutation: You are very frail. (-20% HP) [a
                  | cacodemon]
 74629 | Pan      | Gained mutation: Your magical capacity is low. (-10% MP) [a
                  | cacodemon]
 74650 | Pan      | Gained mutation: You are dopey. (Int -2) [a cacodemon]
 74867 | Pan      | Gained mutation: You occasionally lose the ability to read
                  | scrolls when taking damage. [a neqoxec]
 74893 | Pan      | Lost mutation: You have supernaturally acute eyesight.
                  | (SInv) [potion of mutation]
 74893 | Pan      | Lost mutation: You are vulnerable to cold. (rC-) [potion of
                  | mutation]
 74893 | Pan      | Lost mutation: You have very sharp teeth. [potion of
                  | mutation]
 74893 | Pan      | Gained mutation: Your spells are easier to cast, but less
                  | powerful. [potion of mutation]
 74894 | Pan      | Lost mutation: You are very frail. (-20% HP) [potion of
                  | mutation]
 74894 | Pan      | Lost mutation: You have a pair of horns on your head.
                  | [potion of mutation]
 74894 | Pan      | Lost mutation: You are dopey. (Int -2) [potion of mutation]
 74894 | Pan      | Gained mutation: You have a pair of horns on your head.
                  | [potion of mutation]
 74895 | Pan      | Lost mutation: You occasionally lose the ability to read
                  | scrolls when taking damage. [potion of mutation]
 74895 | Pan      | Lost mutation: You are frail. (-10% HP) [potion of
                  | mutation]
 74895 | Pan      | Lost mutation: You have a pair of horns on your head.
                  | [potion of mutation]
 74895 | Pan      | Gained mutation: You are vulnerable to heat. (rF-) [potion
                  | of mutation]
 74895 | Pan      | Gained mutation: You are somewhat resistant to further
                  | mutation. [potion of mutation]
 74896 | Pan      | Lost mutation: You have a pair of small horns on your head.
                  | [potion of mutation]
 74896 | Pan      | Lost mutation: You are covered in fur. (AC +1) [potion of
                  | mutation]
 74896 | Pan      | Lost mutation: You are resistant to electric shocks.
                  | (rElec) [potion of mutation]
 74896 | Pan      | Lost mutation: Your spells are easier to cast, but less
                  | powerful. [potion of mutation]
 74897 | Pan      | Lost mutation: Your spells are a little easier to cast, but
                  | a little less powerful. [potion of mutation]
 74897 | Pan      | Lost mutation: You are somewhat resistant to further
                  | mutation. [potion of mutation]
 74897 | Pan      | Gained mutation: You are clumsy. (Dex -2) [potion of
                  | mutation]
 74897 | Pan      | Gained mutation: You are resistant to electric shocks.
                  | (rElec) [potion of mutation]
 74898 | Pan      | Lost mutation: You are vulnerable to heat. (rF-) [potion of
                  | mutation]
 74898 | Pan      | Lost mutation: You are clumsy. (Dex -2) [potion of
                  | mutation]
 74898 | Pan      | Gained mutation: You are agile. (Dex +4, Str/Int -1)
                  | [potion of mutation]
 74898 | Pan      | Gained mutation: Your health recovers twice as slowly from
                  | being drained. [potion of mutation]
 74898 | Pan      | Gained mutation: You are strong-willed. (Will+) [potion of
                  | mutation]
 74898 | Pan      | Gained mutation: Your mind is acute. (Int +4, Str/Dex -1)
                  | [potion of mutation]
 74900 | Pan      | Entered the realm of Cerebov.
 74993 | Pan      | Found an exit through the horrors of the Abyss.
 75496 | Pan      | Identified the ring of Zeiphak {rC++ Will- Int+2 Dex+2
                  | SInv}
 75653 | Pan      | Identified the ring "Hugymint" {Ice Dex+6}
 75773 | Pan      | Identified the ring of Lesipn {*Corrode Will+ Int+4 Dex+3}
 75782 | Pan      | Identified the ring "Gubaxt" {Wiz Str+4}
 75802 | Pan      | Found the +6 sword of Cerebov {flame}
 75802 | Pan      | Noticed Cerebov
 75810 | Pan      | Identified an amulet of the Dozen Knaves {Acrobat *Corrode
                  | Str+6 Stlth+}
 75826 | Pan      | Killed Cerebov
 76244 | Pan      | Identified the +9 great sword of the Pits of Slime {holy,
                  | rElec Int+2}
 76247 | Pan      | Got the Compilation of Conflagrant Frost
 76250 | Pan      | Identified the +7 triple crossbow of Fixed {heavy, rF+ rN+}
 76267 | Pan      | Got the Directory of the Beaker
 76295 | Pan      | Got Sif Muna's Octavo of the Compass and Flames
 76296 | Pan      | Identified the +0 plate armour "Koussal" {Dex+3 SInv}
 76325 | Pan      | Got a fiery rune of Zot
 78400 | Pan      | Entered the realm of Gloorx Vloq.
 78911 | Pan      | Found an exit through the horrors of the Abyss.
 78953 | Pan      | Identified the +9 plate armour of Inviolability {rN+ rCorr
                  | Slay+3}
 79651 | Pan      | Noticed Gloorx Vloq
 79925 | Pan      | Killed Gloorx Vloq
 79932 | Pan      | Identified the +1 great sword "Javo" {protect, Stlth+}
 79946 | Pan      | Got a dark rune of Zot
 80225 | Pan      | Noticed Dexel the pandemonium lord
 80235 | Pan      | Killed Dexel the pandemonium lord
 80606 | Pan      | Found an exit through the horrors of the Abyss.
 80812 | Pan      | Identified the +10 orcbow of the Queen {freeze, Stlth+}
 81055 | Pan      | Found an exit through the horrors of the Abyss.
 81444 | Pan      | Identified the +8 mace of Instant Death {freeze, rPois
                  | Will- rCorr Str-2 Int+5}
 81560 | Pan      | Noticed Heppem the pandemonium lord
 81568 | Pan      | Killed Heppem the pandemonium lord
 81569 | Pan      | Reached skill level 10 in Spellcasting
 81986 | Pan      | Noticed Vymef the pandemonium lord
 82010 | Pan      | Killed Vymef the pandemonium lord
 82368 | Pan      | Found an exit through the horrors of the Abyss.
 82823 | Pan      | Took an exit into the Abyss.
 82823 | Abyss:3  | Escaped into the Abyss
 82893 | Depths:1 | Escaped the Abyss
 83082 | Orc:2    | Bought a potion of mutation for 120 gold pieces
 83082 | Orc:2    | Bought a potion of mutation for 120 gold pieces
 83082 | Orc:2    | Bought a potion of might for 60 gold pieces
 83095 | Orc:2    | Bought a wand of charming (5) for 324 gold pieces
 83095 | Orc:2    | Bought a wand of warping (5) for 324 gold pieces
 83095 | Orc:2    | Bought a potion of lignification for 81 gold pieces
 83100 | Orc:2    | Bought a pair of glowing gloves for 255 gold pieces
 83105 | Orc:2    | Lost mutation: Your magical capacity is low. (-10% MP)
                  | [potion of mutation]
 83105 | Orc:2    | Lost mutation: Your system is resistant to poisons. (rPois)
                  | [potion of mutation]
 83105 | Orc:2    | Gained mutation: Your muscles are strong. (Str +4, Int/Dex
                  | -1) [potion of mutation]
 83105 | Orc:2    | Gained mutation: You have a pair of small horns on your
                  | head. [potion of mutation]
 83105 | Orc:2    | Gained mutation: You are very agile. (Dex +8, Str/Int -2)
                  | [potion of mutation]
 83111 | Orc:2    | Learned a level 4 spell: Dimensional Bullseye
 83327 | Zig:1    | Entered Level 1 of a ziggurat
 83341 | Zig:2    | Entered Level 2 of a ziggurat
 83564 | Zig:3    | Entered Level 3 of a ziggurat
 83570 | Zig:3    | Reached skill level 1 in Hexes
 83603 | Zig:4    | Entered Level 4 of a ziggurat
 83629 | Zig:5    | Entered Level 5 of a ziggurat
 83647 | Zig:5    | Identified the +0 chain mail of the Wheelwright {Fly Will-
                  | Regen+ Str+2}
 83659 | Zig:6    | Entered Level 6 of a ziggurat
 83698 | Zig:6    | Identified the +5 scale mail of Tigicuse {Harm rElec rN++
                  | Str+2}
 83706 | Zig:7    | Entered Level 7 of a ziggurat
 83743 | Zig:7    | Found the +11 plutonium sword {^Contam Stlth-}
 83771 | Zig:8    | Entered Level 8 of a ziggurat
 84011 | Zig:8    | Identified the +11 quarterstaff "Ryischiry" {pain, rF+}
 84030 | Zig:8    | Identified the +9 short sword "Yviocet" {venom, Int+2}
 84036 | Zig:9    | Entered Level 9 of a ziggurat
 84171 | Zig:10   | Entered Level 10 of a ziggurat
 84176 | Zig:10   | Noticed a royal mummy
 84178 | Zig:10   | Noticed a royal mummy
 84178 | Zig:10   | Noticed a royal mummy
 84187 | Zig:10   | Identified the ring "Puch" {rPois rC+ Int+2 Dex-4}
 84189 | Zig:11   | Entered Level 11 of a ziggurat
 84237 | Zig:11   | Noticed Kukoizuv the pandemonium lord
 84237 | Zig:11   | Noticed Heseasil the pandemonium lord
 84245 | Zig:11   | Killed Heseasil the pandemonium lord
 84250 | Zig:11   | Killed Kukoizuv the pandemonium lord
 84256 | Zig:11   | Found the +5 robe of Night {Dark Will+ SInv}
 84257 | Zig:11   | Identified the ring of Ecrimouk {rElec rF+ Will- Str+3
                  | Stlth+}
 84258 | Zig:11   | Identified the +10 flail of Duty {chaos, rC+ Str+4}
 84622 | Zot:5    | Entered Level 5 of the Realm of Zot
 84625 | Zot:5    | Noticed an ancient lich
 85103 | Zot:5    | Reached skill level 5 in Hexes
 85155 | Zot:5    | Noticed a dread lich
 85166 | Zot:5    | Killed a dread lich
 85201 | Zot:5    | Killed an ancient lich
 85202 | Zot:5    | Identified the +3 chain mail "Enkenyez" {rPois Str+6 Int-3
                  | Dex+2}
 85208 | Zot:5    | Noticed an orb of fire
 85212 | Zot:5    | Noticed an orb of fire
 85212 | Zot:5    | Noticed an ancient lich
 85213 | Zot:5    | Noticed an orb of fire
 85220 | Zot:5    | Killed an ancient lich
 85221 | Zot:5    | Killed an orb of fire
 85222 | Zot:5    | Noticed an ancient lich
 85223 | Zot:5    | Noticed an orb of fire
 85223 | Zot:5    | Noticed an orb of fire
 85223 | Zot:5    | Noticed an orb of fire
 85243 | Zot:5    | Noticed an ancient lich
 85243 | Zot:5    | Killed from afar by an ancient lich

Illustrated notes

Levels and vault maps discovered:
D:1:      lemuel_arrival_muddy, layout_basic, serial_glass, glass_columns_a,
          glass_columns_b, hex_medium, minmay_misc_feat_iff,
          serial_bayou_ford_a, minmay_misc_feat_roman
D:2:      layout_loops_ring, basic_altar, grunt_ministairs_15,
          amcnicky_mini_pool_small, hangedman_decor_lopped, minivault_5
D:3:      layout_basic, minmay_misc_feat_columns, ebering_dispersal_statue_hall,
          hangedman_decor_points, serial_bayou_pond_d
D:4:      layout_gridville, mainiacjoe_overflow_tiny_flanked,
          minmay_temple_entry_glassed_door, gup_ossuary_entry_pyramid,
          kennysheep_generic_room_16
D:5:      layout_basic, nicolae_shop_fire_sale [nicolae_sub_dead_trees],
          eino_tiny_chamber
D:6:      layout_loops_ring, beargit_hepliaklqana_dungeon_heroes,
          minmay_manual_macuahuitl, uniq_grinder, uniq_edmund, uniq_maggie,
          uniq_pikel
D:7:      layout_loops_corners, okawaru_gym_becter, grunt_temple_overflow_open
D:8:      layout_rooms, minmay_lair_entry_grove, grunt_ministairs_11,
          palyth_stone_intersect
D:9:      layout_roguey
D:10:     layout_roguey, mainiacjoe_overflow_small_starburst,
          kennysheep_orc_monster_closet_entryway
D:11:     layout_cave_pods, serial_park, serial_park_fountain,
          serial_park_square2
D:12:     bobbens_index_wilting_gardens, layout_rooms
D:13:     layout_cross, uniq_rupert, uniq_snorg
D:14:     hangedman_cross_veins, layout_cave_pods, nicolae_gozag_seed_capital,
          vehumet_crystals
D:15:     gammafunk_enter_depths_forms, layout_loops_ring, serial_shops, shop,
          amcnicky_altar_lugonu_corruption
Temple:   hellmonk_temple_micro_hex
Lair:1:   layout_gridlike, st_stairs_5, lemuel_fruit_tree, uniq_gastronok
Lair:2:   layout_cave_pods, pdpol_lair_neglected_garden
Lair:3:   layout_regular_city, mainiacjoe_shoals_entry_four_pools,
          hellmonk_spider_entry_not_the_bees, grunt_megastairs_5
Lair:4:   layout_loops_ring, st_stairs_13, chequers_serial_rivers_small_3
Lair:5:   minmay_lair_end_frog_pond, layout_cave_pods,
          minmay_slime_entry_pillars
Shoals:1: layout_shoals, uniq_aizul
Shoals:2: layout_shoals, nicolae_shoals_drake_roost, uniq_polyphemus,
          uniq_louise, uniq_donald
Shoals:3: layout_shoals, lemuel_oklob_altar, uniq_ilsuiw, uniq_mara
Shoals:4: shoals_end_grunt_ice, layout_shoals, nicolae_shoals_wave_tunnel
Spider:1: nicolae_spider_hilbert_zone_1 [nicolae_spider_hilbert_4_sides_1_open,
          nicolae_spider_hilbert_4_sides_1_open,
          nicolae_spider_hilbert_4_sides_1_open,
          nicolae_spider_hilbert_4_sides_1_open,
          nicolae_spider_hilbert_3_sides_1_open,
          nicolae_spider_hilbert_3_sides_1_open,
          nicolae_spider_hilbert_3_sides_1_open,
          nicolae_spider_hilbert_3_sides_1_open,
          nicolae_spider_hilbert_3_sides_1_open,
          nicolae_spider_hilbert_6_sides_1_open,
          nicolae_spider_hilbert_6_sides_1_open,
          nicolae_spider_hilbert_3_sides_1_open,
          nicolae_spider_hilbert_3_sides_1_open,
          nicolae_spider_hilbert_3_sides_1_open,
          nicolae_spider_hilbert_3_sides_1_open,
          nicolae_spider_hilbert_2_sides_1_open], drop_trap,
          nicolae_spider_checkerboard, uniq_jorgrun
Spider:2: layout_spider_delve, hellmonk_spider_spawner
Spider:3: nicolae_spider_jumping_over_cracks [nicolae_spider_jumping_sub_rim,
          nicolae_spider_jumping_sub_stairs, nicolae_spider_jumping_sub_grid,
          nicolae_spider_jumping_sub_notch], nicolae_spider_undead_wolf_pack,
          hangedman_spider_tarantella_strand, uniq_nikola, uniq_asterion
Spider:4: hellmonk_spider_rune_endless_swarm
Slime:1:  layout_caves, nicolae_slime_phagocytosis
Slime:2:  layout_caves
Slime:3:  layout_caves
Slime:4:  layout_caves
Slime:5:  slime_pit_nicolae_block_by_block
Orc:1:    layout_diamond_mine, nicolae_shop_firing_range
Orc:2:    st_orc_open, layout_caves
Elf:1:    layout_onion_city, regret_index_elf_centigrade,
          nicolae_elf_big_sculpture_1
Elf:2:    elven_hall_of_blades_hangedman_original [nicolae_blade_bullseye],
          layout_geoelf_grid
Elf:3:    elf_hall, layout_geoelf_diagonals, lemuel_statue_altar
Vaults:1: infiniplex_enter_wizlab_water, v_misc_4, ontoclasm_vaults_misaligned,
          nicolae_vaults_network_star, v_misc_8, nicolae_vaults_more_shelving_1,
          nicolae_vaults_two_Ls, hangedman_vaults_slice,
          nicolae_vaults_border_crossing, ontoclasm_vaults_eye,
          nicolae_vaults_little_squares_6, vaults_room_door_ring,
          layout_vaults_big_room
Vaults:2: nicolae_vaults_storage_room_water, vaults_room_boxed,
          nicolae_vaults_rhombus_5, nicolae_vaults_little_squares_4,
          serial_ice_b, nicolae_vaults_surprise_closet_hard, v_misc_33,
          vaults_room_ringed_pool, nicolae_vaults_apartment_1,
          nicolae_vaults_tetromino_T_2, nicolae_vaults_ninety_degrees,
          hangedman_vaults_corner, v_misc_29, nicolae_vaults_frosty_reception,
          nicolae_vaults_offset_grid_hallway_3, vaults_dpeg_ring,
          vaults_room_door_ring, layout_vaults_omnibox, serial_shops,
          freezing_bzr
Vaults:3: minmay_crypt_entry_skeletal_spiral, ontoclasm_vaults_ligature,
          sword_in_stone, nicolae_vaults_wine_cellar,
          nicolae_vaults_offset_grid_hallway_3, vaults_mumra_hex,
          vaults_room_door_hall, nicolae_vaults_stepped_doors,
          nicolae_vaults_tetromino_L_2, layout_vaults_quadrants, uniq_boris,
          uniq_mennas
Vaults:4: v_misc_24, hangedman_vaults_snaps, nicolae_vaults_storage_closets_3,
          nicolae_vaults_trapezoid_2, nicolae_vaults_turnstiles,
          vaults_room_large_hall, hangedman_vaults_cutoff, v_misc_28,
          dpeg_vaults_monster_row, layout_vaults_ring
Vaults:5
Crypt:1:  layout_chaotic_city, minmay_misc_feat_rows, nicolae_crypt_niches,
          grunt_crypt_arrival_guarded_gate
Crypt:2:  layout_basic, grunt_megastairs_3, uniq_grunn, uniq_margery
Crypt:3:  cryptofortress_bobbens
Depths:1: layout_roguey, pf_vacation_house_of_asmodeus, nicolae_sextant,
          grunt_pan_entry_in_and_out, serial_shops, bzr_entry_dummy,
          minmay_protected_statue
Depths:2: grunt_runaround [grunt_runaround_loot, grunt_runaround_doors_1,
          grunt_runaround_doors_2, grunt_runaround_doors_3,
          grunt_runaround_doors_4], pan_entry, hell_entry
Depths:3: minmay_roctagon, layout_basic, regret_index_abyss_entry_already_here,
          grunt_hell_entry_dis_old, hangedman_glass_teeth
Depths:4: grunt_zot_entry_bicorn, layout_cave_pools, hell_entry, moated_statue
Hell
Zot:1:    layout_gridlike, uniq_parghit, uniq_josephina
Zot:2:    layout_basic, regret_index_zotdec_bone_old, grunt_megastairs_2
Zot:3:    gammafunk_sealed_library, layout_gridlike, gammafunk_ghost_ooze
Zot:4:    hangedman_zot_vaults_quadrants, layout_onion, bh_zot_lava_cross,
          hangedman_zot_wheel_spokes, grunt_ministairs_13,
          nicolae_transporter_intersection
Zot:5:    layout_gridlike

Skill      XL: |  1  2  3  4  5  6  7  8  9 10 11 12 13 14 15 16 17 18 19 20 21 22 23 24 25 26 27 |
---------------+----------------------------------------------------------------------------------+-----
Ranged Weapons | 4 5 6 7 10 11 13 14 15 17 18 19 20 23 | 23.6
Armour         | 1 2 4 5 6 7 8 9 10 11 13 14 15 16 18 19 26 | 26.0
Fighting       | 5 8 9 10 11 12 13 15 16 18 20 23 | 23.1
Dodging        | 3 6 7 8 9 10 11 13 16 17 18 20 | 20.2
Evocations     | 3 7 10 11 13 15 | 15.0
Invocations    | 1 4 6 9 10 11 12 | 12.0
Stealth        | 6 |  6.0
Translocations | 5 8 9 10 12 22 | 22.8
Ice Magic      | 4 8 9 15 | 15.0
Spellcasting   | 3 5 6 7 9 11 | 11.3
Shapeshifting  | 23 | 23.0
Hexes          | 6 |  6.2

Action                     |  1- 3 |  4- 6 |  7- 9 | 10-12 | 13-15 | 16-18 | 19-21 | 22-24 | 25-27 || total
---------------------------+-------+-------+-------+-------+-------+-------+-------+-------+-------++-------
  Melee: Unarmed           |       |       |       |       |       |       |       |       |     4 ||     4
   Fire: Sling             |   142 |   376 |   464 |  1384 |  2324 |   927 |   654 |  1112 |  1339 ||  8722
         Hand cannon       |       |       |       |       |    82 |   927 |   654 |  1112 | 10099 || 12874
   Cast: Blink             |       |       |       |       |     1 |       |       |     4 |    33 ||    38
         Frozen Ramparts   |       |       |       |       |       |       |       |     3 |     1 ||     4
         Ozocubu's Armour  |       |       |       |       |       |       |       |     2 |     2 ||     4
         Dispersal         |       |       |       |       |       |       |       |       |     6 ||     6
         Disjunction       |       |       |       |       |       |       |       |       |     2 ||     2
 Invoke: Slouch            |       |       |       |       |     1 |       |     2 |       |     3 ||     6
         Step From Time    |       |       |       |       |       |       |       |       |     1 ||     1
Ability: Invent Gizmo      |       |       |       |       |     1 |       |       |       |       ||     1
         Begin Untransform |       |       |       |       |       |       |       |       |     2 ||     2
  Evoke: Wand              |       |       |     1 |     6 |     7 |     6 |     1 |    10 |    15 ||    46
         Box of beasts     |       |       |       |       |       |     1 |     2 |     3 |     8 ||    14
         Phial of floods   |       |       |       |       |       |       |       |     2 |     1 ||     3
         Tin of tremorston |       |       |       |       |       |       |       |       |    12 ||    12
         Phantom mirror    |       |       |       |       |       |       |       |       |     7 ||     7
         Horn of Geryon    |       |       |       |       |       |       |       |       |     6 ||     6
         Lightning rod     |       |       |       |       |       |       |       |       |     5 ||     5
    Use: Scroll            |       |     7 |    10 |     7 |     8 |     8 |     4 |    14 |    73 ||   131
         Potion            |       |       |     4 |     6 |     1 |     4 |     6 |     9 |    58 ||    88
 Armour: Leather armour    |     8 |       |       |       |       |       |       |       |    69 ||    77
         Ring mail         |       |    16 |    89 |   210 |   223 |   313 |   264 |   276 |   228 ||  1619
         Skin              |       |       |     3 |       |       |       |       |       |    37 ||    40
         Gold dragon scale |       |       |       |       |       |       |       |       |  1325 ||  1325
  Dodge: Dodged            |     4 |    14 |    69 |   166 |   431 |   544 |   622 |   663 |  3481 ||  5994
   Form: Death             |       |       |       |       |       |       |       |       |     3 ||     3

Table legend: (Time is in decaauts)
 A = Elapsed time spent in this place.
 B = Non-inter-level travel time spent in this place.
 C = Inter-level travel time spent in this place.
 D = Time resting spent in this place.
 E = Time spent auto-exploring this place.
 F = Levels seen in this place.
 G = Mean time per level.
                   A        B        C        D        E       F      G
               +--------+--------+--------+--------+--------+-----+--------+
         Total | 135234 | 123765 |  11469 |   7975 |  82538 |  96 | 1408.7 |
       Dungeon |  21372 |  17291 |   4081 |    468 |  13035 |  15 | 1424.8 |
        Temple |     16 |     16 |      0 |      0 |      0 |   1 |   16.0 |
          Lair |   9402 |   8258 |   1144 |     95 |   6918 |   5 | 1880.4 |
        Shoals |   5909 |   5594 |    315 |      0 |   4904 |   4 | 1477.2 |
   Spider Nest |   6591 |   6068 |    523 |    281 |   4256 |   4 | 1647.8 |
    Slime Pits |   5587 |   5042 |    545 |    112 |   4269 |   5 | 1117.4 |
  Orcish Mines |   2685 |   2059 |    626 |      0 |   1626 |   2 | 1342.5 |
   Elven Halls |   5250 |   4834 |    416 |    158 |   3642 |   3 | 1750.0 |
        Vaults |  11363 |  10096 |   1267 |    427 |   7003 |   5 | 2272.6 |
         Crypt |   5425 |   5007 |    418 |    320 |   3132 |   3 | 1808.3 |
        Depths |   8033 |   6523 |   1510 |    385 |   4742 |   4 | 2008.2 |
          Hell |   1103 |   1057 |     46 |    111 |    634 |   1 | 1103.0 |
           Zot |   8410 |   7837 |    573 |    423 |   5405 |   5 | 1682.0 |
         Abyss |   2023 |   2023 |      0 |    143 |    110 |   3 |  674.3 |
   Pandemonium |  39112 |  39112 |      0 |   4740 |  22095 |  21 | 1862.5 |
      Ziggurat |   1195 |   1195 |      0 |    310 |    238 |  11 |  108.6 |
        Bazaar |    737 |    737 |      0 |      0 |    270 |   2 |  368.5 |
       Ossuary |    447 |    447 |      0 |      0 |     31 |   1 |  447.0 |
        Wizlab |    565 |    565 |      0 |      0 |    227 |   1 |  565.0 |
               +--------+--------+--------+--------+--------+-----+--------+

Top non-repeatable levels by time:
Depths:2: 2770 daAuts
 Slime:5: 2701 daAuts
Vaults:3: 2631 daAuts
Vaults:1: 2599 daAuts
   Zot:4: 2578 daAuts
    D:15: 2572 daAuts
Depths:1: 2414 daAuts
Vaults:5: 2315 daAuts
  Lair:3: 2145 daAuts
   Elf:1: 2108 daAuts
    D:14: 2080 daAuts
    D:11: 2062 daAuts
Vaults:2: 2044 daAuts
 Crypt:2: 2026 daAuts
 Abyss:3: 2023 daAuts
